 Dungeon Crawl Stone Soup version 0.24.0-123-gd5b16e6ec5 (webtiles) character file.

Game seed: 11415145054113349597, levelgen mode: deterministic

100 mortelune the Slasher (level 4, -3/41 HPs)
             Began as a Minotaur Monk on Dec 27, 2019.
             Killed from afar by an orc wizard (9 damage)
             ... with a puff of frost
             ... on level 3 of the Dungeon.
             The game lasted 00:02:59 (1999 turns).

mortelune the Slasher (Minotaur Monk)               Turns: 1999, Time: 00:02:59

Health: -3/41      AC:  6    Str: 17    XL:     4   Next: 47%
Magic:  3/3        EV: 11    Int:  7    God:
Gold:   52         SH:  0    Dex: 12    Spells: 3/3 levels left

rFire    . . .     SeeInvis .   a - +0 falchion
rCold    . . .     Gourm    .   (no shield)
rNeg     . . .     Faith    .   d - +0 scale mail
rPois    .         Spirit   .   (helmet restricted)
rElec    .         Reflect  .   (no cloak)
rCorr    .         Harm     .   (no gloves)
MR       .....                  (no boots)
Stlth    ..........             (no amulet)
HPRegen  0.13/turn              (no ring)
MPRegen  0.08/turn              (no ring)

@: no status effects
A: retaliatory headbutt, horns 2
a: no special abilities


You were on level 3 of the Dungeon.
You were hungry.

You visited 1 branch of the dungeon, and saw 3 of its levels.

You collected 52 gold pieces.

Inventory:

Hand Weapons
 a - a +0 falchion (weapon)
Armour
 b - a +0 robe
 d - a +0 scale mail (worn)
 h - a +0 ring mail
Jewellery
 e - an uncursed ring of ice {unknown}
Scrolls
 g - a scroll of identify {unknown}
 j - a scroll of blinking {unknown}
 m - a scroll of fear {unknown}
Potions
 f - a potion of invisibility {unknown}
 i - a potion of degeneration {unknown}
 k - a potion of mutation {unknown}
 n - a potion of might {unknown}
Comestibles
 c - 4 rations
 l - 14 chunks of flesh


   Skills:
 + Level 4.5 Fighting
 * Level 5.2 Long Blades
 + Level 2.1 Armour
 - Level 3.2 Dodging
 - Level 1.5 Stealth


You had 3 spell levels left.
You didn't know any spells.
Your spell library contained the following spells:

 Spells                   Type           Power        Failure   Level  Hunger
 Recall                   Summ/Tloc      N/A          99%         3    ####...
 Aura of Abjuration       Summ           #.........   100%        5    ######.
 Summon Demon             Summ           #.........   100%        5    ######.
 Summon Forest            Summ/Tloc      #.........   100%        5    ######.
 Summon Mana Viper        Hex/Summ       #.......     100%        5    ######.
 Shadow Creatures         Summ           N/A          100%        6    #######


Dungeon Overview and Level Annotations

Branches:
Dungeon (3/15)

Altars:
Ashenzari
Xom


Innate Abilities, Weirdness & Mutations

You reflexively headbutt those who attack you in melee.
You have a pair of horns on your head.


Message History

The orc hits you from afar with a +0 trident.
Something hits you.
Things that are here:
a +0 whip; an orc corpse You closely miss something.
The orc hits you from afar with a +0 trident.
You hear some strange, mumbled words.
A puff of flame appears from out of thin air!
The puff of flame hits you!
You hit something but do no damage. Something hits you.
* * * LOW HITPOINT WARNING * * *
The orc hits you but does no damage.
You hit something but do no damage. Something hits you but does no damage.
The orc barely misses you. Something hits you but does no damage.
A magic dart appears from out of thin air!
The magic dart hits you.
* * * LOW HITPOINT WARNING * * *
A puff of frost appears from out of thin air!
The puff of frost hits you!
You die...

#.###........
...#........#
....).†...>##
....#####.#.#.#
#.#.....oo....#
..#######{#.#.#
#.# #)#.#.#
#.#######.#.# #
#.##....@.#.#
#.##.######.#
#.##.# #.#
#....# ..
##.#### ##.#.#
.######.###.#
#.....<## #..
.####.## ...


You could see an orc priest.

Vanquished Creatures
  Robin (D:1)
  An adder (D:1)
  An ooze (D:2)
  A worm (D:2)
  2 dart slugs (D:2)
  An orc (D:3)
  3 giant cockroaches (D:1)
  12 goblins
  9 hobgoblins
  7 jackals (D:2)
  A quokka (D:3)
  6 bats
  5 frilled lizards
  7 kobolds
  5 rats
62 creatures vanquished.

Notes
Turn   | Place    | Note
-------+----------+-------------------------------------------
     0 | D:1      | mortelune the Minotaur Monk began the quest for the Orb.
     0 | D:1      | Reached XP level 1. HP: 19/19 MP: 0/0
   213 | D:1      | Reached skill level 4 in Long Blades
   224 | D:1      | Reached XP level 2. HP: 27/27 MP: 1/1
   226 | D:1      | Found a shattered altar of Ashenzari.
   363 | D:1      | Reached skill level 1 in Armour
   772 | D:2      | Reached XP level 3. HP: 30/33 MP: 2/2
   849 | D:2      | Noticed Robin
  1081 | D:1      | Killed Robin
  1081 | D:1      | Reached skill level 5 in Long Blades
  1081 | D:1      | Reached XP level 4. HP: 23/41 MP: 3/3
  1857 | D:2      | Found a shimmering altar of Xom.
  1857 | D:2      | Found a shimmering altar of Xom.
  1857 | D:2      | Found a shimmering altar of Xom.
  1857 | D:2      | Found a shimmering altar of Xom.
  1857 | D:2      | Found a shimmering altar of Xom.
  1868 | D:2      | Found a shimmering altar of Xom.
  1868 | D:2      | Found a shimmering altar of Xom.
  1999 | D:3      | Killed from afar by an orc wizard

Levels and vault maps discovered:
D:1:      scummos_arrival_forest, layout_loops_ring, evilmike_ruin_ashenzari
D:2:      layout_loops_cross, xom_redecorated, first_ration, uniq_robin
D:3:      layout_loops_ring, lemuel_round_altar,
          nicolae_gozag_zags_fifth_avenue, ebering_ghost_disaster_area

Skill      XL: |  1  2  3  4 |
---------------+-------------+-----
Long Blades    | 4 5 |  5.2
Armour         | 1 2 |  2.1
Fighting       | 4 |  4.5
Dodging        | |  3.2
Stealth        | |  1.5

Action                   |  1- 3 |  4- 6 || total
-------------------------+-------+-------++-------
Melee: Falchion          |    60 |    57 ||   117
       Headbutt          |    12 |     8 ||    20
  Use: Potion            |     3 |       ||     3
 Stab: Sleeping          |     2 |       ||     2
  Eat: Chunk             |       |     3 ||     3
Armor: Robe              |     1 |       ||     1
       Ring mail         |    16 |     6 ||    22
       Scale mail        |       |    21 ||    21
Dodge: Dodged            |    55 |    40 ||    95
       Rpst.: Falchion   |    12 |     9 ||    21
